 Dungeon Crawl Stone Soup version 0.18.1-8-gdd0e5ea (webtiles) character file.

23 deorigin the Changer (level 3, 26/26 HPs)
             Began as a Merfolk Transmuter on May 26, 2016.
             Quit the game on level 2 of the Dungeon.
             The game lasted 00:03:02 (1137 turns).

deorigin the Changer (Merfolk Transmuter)           Turns: 1137, Time: 00:03:03

Health: 26/26      AC:  3    Str: 10    XL:     3   Next: 0%
Magic:  6/6        EV: 10    Int: 12    God:
Gold:   34         SH:  0    Dex: 15    Spells: 2 memorised, 3 levels left

rFire  . . .     SeeInvis .       - Unarmed
rCold  . . .     Gourm    .     m - +0 robe (curse)
rNeg   . . .     Faith    .     (no shield)
rPois  .         Spirit   .     (no helmet)
rElec  .         Dismiss  .     (no cloak)
rCorr  .         Reflect  .     (no gloves)
SustAt .         Harm     .     o - +0 pair of boots
MR     .....                    (no amulet)
Stlth  +.........               (no ring)
                                j - -3 ring of evasion (curse)

@: not resistant to hostile enchantments, very unstealthy
A: change form in water, swift swim
a: no special abilities


You were on level 2 of the Dungeon.
You were not hungry.

You visited 1 branch of the dungeon, and saw 2 of its levels.

You collected 34 gold pieces.

Inventory:

Missiles
 a - 31 arrows
 k - 12 poisoned needles
Armour
 b - a +0 robe
 m - a cursed +0 robe (worn)
 o - a +0 pair of boots (worn)
Jewellery
 j - a cursed -3 ring of evasion (left hand)
Scrolls
 p - a scroll of recharging {unknown}
 r - a scroll of noise {unknown}
 s - a scroll of identify {unknown}
Potions
 e - a potion of heal wounds {unknown}
 g - a potion of ambrosia {unknown}
 h - a potion of agility {unknown}
 i - a potion of mutation {unknown}
 l - a potion of might {unknown}
 t - a potion of lignification {unknown}
Books
 c - a book of Changes

   Spells                             Type                      Level
   a - Beastly Appendage              Transmutation                1
   b - Sticks to Snakes               Transmutation                2
   c - Spider Form                    Transmutation/Poison         3
   d - Ice Form                       Ice/Transmutation            4
   e - Blade Hands                    Transmutation                5
Comestibles
 d - a bread ration
 f - a beef jerky
 n - 2 meat rations
 q - 2 chunks of flesh
 u - 2 fruits


   Skills:
 - Level 1.1 Fighting
 - Level 2.6 Dodging
 - Level 3.2 Unarmed Combat
 - Level 2.0 Spellcasting
 + Level 4.5 Transmutations


You had 3 spell levels left.
You knew the following spells:

 Your Spells              Type           Power        Failure   Level  Hunger
a - Beastly Appendage     Trmt           ##....       4%          1    ##.....
b - Sticks to Snakes      Trmt           ##......     8%          2    ###....


Dungeon Overview and Level Annotations

Branches:
Dungeon (2/15)

Altars:


Message History

The ooze is lightly wounded.
The ooze barely misses you.
You hit the ooze.
The ooze is heavily wounded.
The ooze hits you.
You hit the ooze. You headbutt the ooze.
You kill the ooze!
You have reached level 3!
Your experience leads to an increase in your attributes!
Increase (S)trength, (I)ntelligence, or (D)exterity?
You feel agile.
u - 2 fruits You start resting.
Your transformation is almost over.
You start resting.
HP restored.
Your horns disappear.
You now have 34 gold pieces (gained 4).
Found a stone staircase leading down.
Are you sure you want to abandon this character and quit the game? (Confirm with "yes".)

# ###########
####.........#
.............##########
###......<............#
# #.............^.....#
# #...................#
###...................#.
................@......>
###...................##
# #.###.#####.........#
# #.# #.# #.........#
....# ... ###########
#####..... . ... .#


There were no monsters in sight!

Vanquished Creatures
  An ooze (D:2)
  A dart slug (D:1)
  A giant gecko (D:1)
  4 bats
  2 goblins
  3 kobolds (D:1)
  5 rats
17 creatures vanquished.

Notes
Turn   | Place    | Note
--------------------------------------------------------------
     0 | D:1      | deorigin the Merfolk Transmuter began the quest for the Orb.
     0 | D:1      | Reached XP level 1. HP: 15/15 MP: 3/3
    46 | D:1      | Reached skill level 3 in Transmutations
   210 | D:1      | Reached XP level 2. HP: 21/21 MP: 5/5
   591 | D:1      | Reached skill level 4 in Transmutations
  1085 | D:2      | Learned a level 2 spell: Sticks to Snakes
  1109 | D:2      | Reached XP level 3. HP: 24/26 MP: 4/6
  1137 | D:2      | Quit the game

Skill      XL: |  1  2 |
---------------+-------+-----
Transmutations | 3 4 |  4.5
Fighting       | |  1.1
Dodging        | |  2.6
Unarmed Combat | |  3.2
Spellcasting   | |  2.0

Action                   || total
-------------------------++-------
Melee: Unarmed           ||    64
       Headbutt          ||     3
       Punch             ||     2
 Cast: Beastly Appendage ||     5
  Eat: Chunk             ||     1
Armor: Robe              ||    34
Dodge: Dodged            ||    50
